General information
- name: BNet
- type: Ladder team game (AT/RT)
- host: Battle.net
- saver: MrFrosty
map: CentaurGrove
- players: 4
- length: 30:02
- speed: Fast
- version: 1.23 W3XP
- replay type: Public
» download(196 KB)
Players
team 1 (winner)
kunt.roII (
purple | 118 APM | 3531 actions | 29:59)
7 Blademaster
3 Wind Walk
3 Critical Strike
1 Bladestorm
3 Shadow Hunter
2 Hex
1 Healing Wave
3 Naga Sea Witch
2 Frost Arrows
1 Forked Lightning
» actions
| Assign group hotkey | 62 | |
| Basic commands | 32 | |
| Build / train | 81 | |
| ESC pressed | 2 | |
| Enter build submenu | 41 | |
| Enter hero's abilities submenu | 12 | |
| Give item / drop item | 14 | |
| Remove unit from queue | 1 | |
| Right click | 1813 | |
| Select / deselect | 314 | |
| Select group hotkey | 959 | |
| Use ability | 199 | |
3531 total
» units
| Peon | 13 | |
| Troll Batrider | 9 | |
| Troll Witch Doctor | 4 | |
| Shaman | 2 | |
28 total
» upgrades
| Spiked Barricades | 1 | |
| Witch Doctor Training | 2 | |
| Reinforced Defenses | 1 | |
| Liquid Fire | 1 | |
| Shaman Training | 2 | |
7 total
» buildings
| Altar of Storms | 1 | |
| Orc Burrow | 4 | |
| Voodoo Lounge | 1 | |
| War Mill | 1 | |
| Watch Tower | 25 | |
| Stronghold | 2 | |
| Beastiary | 1 | |
| Spirit Lodge | 1 | |
| Fortress | 1 | |
| Great Hall | 2 | |
39 total
» build order
00:10 Altar of Storms
00:21 Orc Burrow
00:40 Voodoo Lounge
01:16 War Mill
02:01 Orc Burrow
02:44 Watch Tower
03:05 Watch Tower
03:23 Watch Tower
04:54 Stronghold
04:57 Watch Tower
05:17 Watch Tower
05:19 Watch Tower
06:14 Watch Tower
06:59 Watch Tower
07:02 Orc Burrow
08:05 Beastiary
08:07 Spirit Lodge
08:11 Watch Tower
08:59 Orc Burrow
09:01 Watch Tower
09:25 Fortress
12:33 Watch Tower
12:36 Watch Tower
14:42 Watch Tower
17:48 Watch Tower
17:51 Watch Tower
17:54 Watch Tower
17:54 Watch Tower
17:55 Watch Tower
20:11 Watch Tower
20:12 Watch Tower
20:20 Watch Tower
20:20 Watch Tower
21:31 Great Hall
21:33 Watch Tower
21:34 Watch Tower
21:34 Watch Tower
27:18 Great Hall
» items
| Healing Salve | 2 | |
| Lesser Clarity Potion | 4 | |
| Scroll of Speed | 1 | |
| Boots of Speed | 3 | |
| Staff of Teleportation | 4 | |
| Circlet of Nobility | 4 | |
| Dust of Appearance | 1 | |
| Potion of Lesser Invulnerability | 1 | |
| Orb of Lightning | 2 | |
22 total
MrFrosty (
green | 99 APM | 2961 actions | 30:02)
5 Archmage
3 Blizzard
2 Brilliance Aura
2 Blood Mage
1 Flame Strike
1 Banish
2 Mountain King
1 Storm Bolt
1 Bash
» actions
| Assign group hotkey | 16 | |
| Basic commands | 62 | |
| Build / train | 130 | |
| ESC pressed | 1 | |
| Enter build submenu | 52 | |
| Enter hero's abilities submenu | 9 | |
| Give item / drop item | 9 | |
| Right click | 1472 | |
| Select / deselect | 620 | |
| Select group hotkey | 378 | |
| Use ability | 212 | |
2961 total
» units
| Peasant | 36 | |
| Sorceress | 4 | |
| Priest | 4 | |
44 total
» upgrades
| Masonry | 3 | |
| Lumber Harvesting | 2 | |
| Magic Sentry | 1 | |
| Sorceress Training | 2 | |
| Priest Training | 2 | |
| Backpack | 1 | |
11 total
» buildings
| Altar of Kings | 1 | |
| Farm | 4 | |
| Scout Tower | 67 | |
| Lumber Mill | 1 | |
| Arcane Tower | 10 | |
| Guard Tower | 30 | |
| Arcane Vault | 3 | |
| Town Hall | 1 | |
| Keep | 1 | |
| Arcane Sanctum | 1 | |
| Castle | 1 | |
120 total
» build order
00:06 Altar of Kings
00:20 Farm
00:22 Scout Tower
00:48 Lumber Mill
00:51 Arcane Tower
01:28 Farm
01:38 Scout Tower
02:11 Guard Tower
02:26 Arcane Vault
02:28 Scout Tower
03:16 Guard Tower
03:43 Scout Tower
04:06 Guard Tower
04:42 Scout Tower
04:43 Scout Tower
05:09 Guard Tower
05:14 Guard Tower
05:25 Farm
06:37 Scout Tower
07:28 Scout Tower
07:29 Scout Tower
07:29 Scout Tower
07:30 Scout Tower
07:53 Scout Tower
08:00 Guard Tower
08:01 Scout Tower
08:03 Scout Tower
08:10 Scout Tower
08:16 Scout Tower
08:24 Guard Tower
08:25 Scout Tower
08:30 Arcane Tower
08:31 Scout Tower
08:54 Guard Tower
08:57 Guard Tower
09:02 Arcane Tower
09:11 Guard Tower
09:24 Guard Tower
09:42 Scout Tower
10:38 Scout Tower
10:40 Scout Tower
10:46 Town Hall
10:47 Guard Tower
10:50 Scout Tower
10:51 Scout Tower
10:56 Guard Tower
10:58 Scout Tower
11:16 Scout Tower
11:17 Arcane Tower
11:21 Arcane Tower
11:27 Guard Tower
11:38 Keep
12:00 Guard Tower
12:15 Scout Tower
12:16 Scout Tower
12:22 Arcane Vault
13:07 Arcane Tower
13:08 Guard Tower
14:34 Arcane Sanctum
14:47 Scout Tower
14:49 Scout Tower
15:58 Castle
16:03 Guard Tower
18:03 Scout Tower
18:04 Scout Tower
18:05 Scout Tower
18:05 Scout Tower
18:36 Arcane Vault
18:48 Farm
18:59 Arcane Tower
19:00 Guard Tower
20:30 Scout Tower
20:31 Scout Tower
20:32 Scout Tower
20:32 Scout Tower
21:29 Guard Tower
21:34 Scout Tower
21:35 Scout Tower
21:35 Scout Tower
21:36 Scout Tower
21:36 Scout Tower
21:37 Scout Tower
21:39 Scout Tower
21:39 Scout Tower
21:40 Scout Tower
21:41 Scout Tower
21:41 Scout Tower
21:42 Scout Tower
22:06 Arcane Tower
22:07 Guard Tower
22:46 Guard Tower
23:20 Guard Tower
23:55 Guard Tower
27:22 Scout Tower
27:25 Scout Tower
27:27 Scout Tower
27:28 Scout Tower
27:29 Scout Tower
27:29 Scout Tower
27:50 Guard Tower
27:53 Guard Tower
27:58 Guard Tower
28:03 Guard Tower
28:09 Arcane Tower
29:05 Scout Tower
29:06 Scout Tower
29:06 Scout Tower
29:07 Scout Tower
29:17 Scout Tower
29:17 Scout Tower
29:18 Scout Tower
29:39 Guard Tower
29:41 Arcane Tower
29:45 Guard Tower
29:49 Scout Tower
29:50 Scout Tower
29:54 Scout Tower
29:54 Scout Tower
29:55 Scout Tower
29:57 Guard Tower
» items
| Healing Salve | 3 | |
| Scroll of Speed | 1 | |
| Boots of Speed | 3 | |
| Staff of Teleportation | 3 | |
| Scroll of Town Portal | 3 | |
| Circlet of Nobility | 1 | |
| Periapt of Vitality | 1 | |
| Staff of Sanctuary | 3 | |
| Potion of Healing | 2 | |
| Orb of Lightning | 1 | |
21 total
team 2 (loser)
IamOnlyHuman. (
red | 123 APM | 3681 actions | 29:58)
3 Archmage
2 Summon Water Elemental
1 Brilliance Aura
3 Mountain King
2 Storm Bolt
1 Bash
1 Paladin
1 Holy Light
» actions
| Assign group hotkey | 114 | |
| Basic commands | 230 | |
| Build / train | 97 | |
| ESC pressed | 1 | |
| Enter build submenu | 35 | |
| Enter hero's abilities submenu | 8 | |
| Give item / drop item | 3 | |
| Right click | 1145 | |
| Select / deselect | 608 | |
| Select group hotkey | 1279 | |
| Use ability | 161 | |
3681 total
» units
| Peasant | 21 | |
| Footman | 5 | |
| Priest | 8 | |
| Knight | 9 | |
| Flying Machine | 8 | |
| Siege Engine | 4 | |
55 total
» upgrades
| Defend | 1 | |
| Priest Training | 3 | |
| Animal War Training | 1 | |
| Masonry | 1 | |
| Lumber Harvesting | 1 | |
| Magic Sentry | 1 | |
| Gunpowder | 2 | |
| Plating | 2 | |
12 total
» buildings
| Altar of Kings | 1 | |
| Barracks | 1 | |
| Farm | 13 | |
| Scout Tower | 10 | |
| Arcane Tower | 2 | |
| Keep | 3 | |
| Lumber Mill | 1 | |
| Arcane Vault | 1 | |
| Arcane Sanctum | 4 | |
| Castle | 2 | |
| Blacksmith | 1 | |
| Workshop | 1 | |
| Town Hall | 1 | |
| Guard Tower | 5 | |
46 total
» build order
00:07 Altar of Kings
00:21 Barracks
00:35 Farm
00:50 Farm
01:34 Scout Tower
01:51 Farm
02:04 Arcane Tower
02:27 Farm
02:53 Farm
03:29 Keep
03:29 Keep
03:30 Keep
05:01 Lumber Mill
05:09 Farm
05:11 Arcane Vault
05:54 Arcane Sanctum
05:59 Arcane Sanctum
08:03 Castle
08:04 Castle
08:05 Blacksmith
08:29 Farm
09:38 Workshop
11:23 Farm
13:08 Town Hall
13:22 Scout Tower
14:28 Arcane Tower
15:02 Scout Tower
15:55 Guard Tower
16:33 Scout Tower
16:35 Scout Tower
17:20 Guard Tower
18:11 Farm
18:22 Farm
19:23 Farm
19:24 Scout Tower
19:25 Scout Tower
19:34 Scout Tower
19:36 Scout Tower
19:48 Farm
19:54 Guard Tower
20:48 Farm
20:51 Guard Tower
20:54 Scout Tower
21:28 Guard Tower
29:13 Arcane Sanctum
29:24 Arcane Sanctum
» items
| Healing Salve | 1 | |
| Lesser Clarity Potion | 2 | |
| Potion of Healing | 1 | |
| Scroll of Town Portal | 2 | |
| Staff of Sanctuary | 1 | |
7 total
WEB)SPC-Chen (
teal | 102 APM | 3049 actions | 29:57)
4 Blademaster
2 Wind Walk
2 Critical Strike
3 Shadow Hunter
1 Hex
2 Healing Wave
3 Tauren Chieftain
1 War Stomp
2 Endurance Aura
1 Archmage
1 Brilliance Aura
» actions
| Assign group hotkey | 79 | |
| Basic commands | 165 | |
| Build / train | 101 | |
| ESC pressed | 1 | |
| Enter build submenu | 16 | |
| Enter hero's abilities submenu | 12 | |
| Give item / drop item | 3 | |
| Right click | 985 | |
| Select / deselect | 910 | |
| Select group hotkey | 585 | |
| Use ability | 188 | |
3049 total
» units
| Peon | 15 | |
| Grunt | 7 | |
| Wind Rider | 6 | |
| Raider | 21 | |
| Kodo Beast | 1 | |
50 total
» upgrades
| Ensnare | 1 | |
| Envenomed Spears | 1 | |
| Reinforced Defenses | 1 | |
| Melee Weapons | 2 | |
| Armor | 3 | |
| War Drums Damage Increase | 1 | |
9 total
» buildings
| Altar of Storms | 1 | |
| Orc Burrow | 5 | |
| Barracks | 1 | |
| Voodoo Lounge | 1 | |
| Stronghold | 1 | |
| Beastiary | 2 | |
| Fortress | 1 | |
| War Mill | 1 | |
| Watch Tower | 5 | |
18 total
» build order
00:06 Altar of Storms
00:17 Orc Burrow
00:36 Barracks
01:29 Orc Burrow
01:52 Voodoo Lounge
02:54 Stronghold
03:44 Orc Burrow
05:18 Beastiary
05:25 Beastiary
07:32 Orc Burrow
10:54 Fortress
12:26 Orc Burrow
12:28 War Mill
18:42 Watch Tower
18:42 Watch Tower
18:45 Watch Tower
19:33 Watch Tower
19:34 Watch Tower
» items
| Healing Salve | 4 | |
| Lesser Clarity Potion | 7 | |
| Scroll of Speed | 6 | |
| Potion of Healing | 2 | |
| Tiny Great Hall | 2 | |
21 total
Chat log
(00:05 / All) kunt.roII: gl n hf
(10:18 / All) kunt.roII: Lol
(29:56 / All) WEB)SPC-Chen: gg
(29:59 / All) kunt.roII: bye